 Dungeon Crawl Stone Soup version 0.19-a0-1886-gd64a0f0 (console) character file.

539 brucemayne the Cleaver (level 7, -8/59 HPs)
             Began as a Hill Orc Monk on Oct 15, 2016.
             Mangled by a wyvern zombie (10 damage)
             ... in an ossuary.
             The game lasted 00:07:46 (1860 turns).

brucemayne the Cleaver (Hill Orc Monk)              Turns: 1860, Time: 00:07:47

Health: -8/59      AC: 10    Str: 16    XL:     7   Next: 26%
Magic:  7/7        EV:  5    Int: 10    God:
Gold:   118        SH:  0    Dex: 13    Spells: 0 memorised, 6 levels left

rFire  . . .     SeeInvis .     n - +0 broad axe
rCold  . . .     Gourm    .     m - +0 plate armour
rNeg   . . .     Faith    .     (no shield)
rPois  .         Spirit   .     (no helmet)
rElec  .         Dismiss  .     (no cloak)
rCorr  .         Reflect  .     (no gloves)
MR     +....     Harm     .     (no boots)
Stlth  ..........               q - amulet of rage
                                (no ring)
                                p - ring of protection from magic

@: no status effects
A: no striking features
a: Evoke Berserk Rage


You were in an ossuary.
You were not hungry.

You visited 1 branch of the dungeon, and saw 5 of its levels.
You also visited: Ossuary.

You collected 118 gold pieces.

Inventory:

Hand Weapons
 a - a +0 hand axe
 e - a +0 hand axe
 n - a +0 broad axe (weapon)
Missiles
 r - 10 poisoned needles
Armour
 b - a +0 robe
 i - a +0 ring mail
 m - a +0 plate armour (worn)
Magical Staves
 z - an uncursed staff of power {unknown}
Jewellery
 p - a ring of protection from magic (left hand)
 q - an amulet of rage (around neck)
Wands
 y - a wand of lightning (2/15)
Scrolls
 d - 3 scrolls of identify
 l - 2 scrolls of amnesia {unknown}
 o - 4 scrolls of remove curse {unknown}
 x - a scroll of enchant weapon {unknown}
 A - a scroll of fear {unknown}
 B - a scroll of teleportation {unknown}
 C - a scroll of blinking {unknown}
Potions
 f - a potion of brilliance
 g - 2 potions of flight
 h - a potion of resistance
 s - a potion of ambrosia {unknown}
 u - a potion of cancellation {unknown}
 v - a potion of heal wounds {unknown}
 w - a potion of berserk rage {unknown}
Books
 t - a book of Maledictions

   Spells                             Type                      Level
   a - Corona                         Hexes                        1
   b - Ensorcelled Hibernation        Hexes/Ice                    2
   c - Confuse                        Hexes                        3
   d - Tukima's Dance                 Hexes                        3
   e - Dazzling Spray                 Conjuration/Hexes            3
Comestibles
 c - a bread ration
 j - 2 meat rations
 k - a royal jelly


   Skills:
 - Level 4.0 Fighting
 + Level 10.3 Axes
 - Level 2.4 Dodging
 - Level 1.5 Stealth


You had 6 spell levels left.
You didn't know any spells.

Dungeon Overview and Level Annotations

Branches:
Dungeon (5/15)
 Temple: D:4-7

Altars:
Ashenzari
Zin

Annotations:
D:2 exclusion: downstairs


Message History

This wand has 2 charges left.
The wyvern zombie bites you.
Your plate armour prevents you from hitting the wyvern zombie.
The wyvern zombie is moderately damaged.
The wyvern zombie bites you.
You slash the wyvern zombie!
The wyvern zombie is heavily damaged.
The wyvern zombie completely misses you.
Your plate armour prevents you from hitting the wyvern zombie.
The wyvern zombie is heavily damaged.
The wyvern zombie bites you.
* * * LOW HITPOINT WARNING * * *
The wyvern zombie bites you but does no damage.
You slash the wyvern zombie!
The wyvern zombie is severely damaged.
The wyvern zombie bites you!
* * * LOW HITPOINT WARNING * * *
You hit the wyvern zombie.
The wyvern zombie is severely damaged.
The wyvern zombie bites you!
You die...

##+# '..
###.#####
#.'.#...#
###.'.∩.#
#.'.#Z@∩#
###.#####
'.' ##.##
'.# #.'
+.# #.#


You could see a wyvern zombie.

Vanquished Creatures
  A sky beast (D:5)
  A water moccasin zombie (Ossuary)
  A bullfrog zombie (Ossuary)
  A crimson imp (D:5)
  A bullfrog skeleton (D:4)
  An orc wizard (D:2)
  A killer bee zombie (Ossuary)
  9 mummies
  3 worker ant zombies (Ossuary)
  A howler monkey zombie (Ossuary)
  A howler monkey skeleton (D:4)
  An ooze (D:2)
  An adder zombie (D:5)
  A dart slug (D:5)
  4 leopard geckos
  2 orcs
  A giant cockroach (D:2)
  8 goblins
  6 hobgoblins (D:2)
  A quokka (D:3)
  7 bats
  2 frilled lizards (D:2)
  2 giant cockroach zombies (Ossuary)
  4 kobolds
  A leopard gecko zombie (Ossuary)
  9 rats
71 creatures vanquished.

Vanquished Creatures (others)
  2 withered plants (Ossuary)
2 creatures vanquished.

Grand Total: 73 creatures vanquished

Notes
Turn   | Place    | Note
-------+----------+-------------------------------------------
     0 | D:1      | brucemayne the Hill Orc Monk began the quest for the Orb.
     0 | D:1      | Reached XP level 1. HP: 19/19 MP: 1/1
   117 | D:1      | Reached XP level 2. HP: 8/27 MP: 2/2
   541 | D:2      | Reached skill level 5 in Axes
   571 | D:2      | Reached XP level 3. HP: 33/33 MP: 3/3
   739 | D:3      | Found a glowing silver altar of Zin.
   739 | D:3      | Found a shattered altar of Ashenzari.
  1095 | D:2      | You fall through a shaft!
  1119 | D:2      | Reached skill level 6 in Axes
  1119 | D:2      | Reached XP level 4. HP: 15/40 MP: 4/4
  1311 | D:4      | Reached skill level 7 in Axes
  1311 | D:4      | Reached XP level 5. HP: 20/46 MP: 5/5
  1395 | D:5      | Entered Level 5 of the Dungeon
  1504 | D:5      | Noticed a sky beast
  1516 | D:5      | Killed a sky beast
  1516 | D:5      | Reached skill level 8 in Axes
  1516 | D:5      | Reached XP level 6. HP: 30/52 MP: 6/6
  1687 | D:4      | Found a sand-covered staircase.
  1703 | Ossuary  | Entered an ossuary
  1721 | Ossuary  | Reached skill level 9 in Axes
  1798 | Ossuary  | Reached skill level 10 in Axes
  1798 | Ossuary  | Reached XP level 7. HP: 22/59 MP: 7/7
  1859 | Ossuary  | HP: 2/59 [wyvern zombie (11)]
  1860 | Ossuary  | Mangled by a wyvern zombie

Vault maps used:
D:1:      dpeg_arrival_simpleton_c, minmay_misc_feat_tiny
D:2:      tgw_trog
D:3:      overflow_temple_1_default, chequers_temple_overflow_statue_of_worship
D:4:      gup_ossuary_entry_pyramid, ashenzari_altar_1, uniq_sigmund
D:5:      kennysheep_okawaru_gauntlet, first_bread, minmay_misc_feat_roman,
          kennysheep_boxes, uniq_pikel
Ossuary:  ossuary_zaba_flooded

Skill      XL: |  1  2  3  4  5  6 |
---------------+-------------------+-----
Fighting       | 4 |  4.0
Axes           | 5 6 7 8 10 | 10.3
Dodging        | |  2.4
Stealth        | |  1.5

Action                   |  1- 3 |  4- 6 |  7- 9 || total
-------------------------+-------+-------+-------++-------
Melee: Hand axe          |   152 |    24 |       ||   176
       Broad axe         |       |    66 |    20 ||    86
 Abil: Evoke Berserk Rag |       |     1 |       ||     1
Evoke: Wand              |       |     7 |     1 ||     8
  Use: Potion            |     3 |       |       ||     3
       Scroll            |       |     1 |       ||     1
 Stab: Sleeping          |     2 |       |       ||     2
  Eat: Chunk             |     1 |     1 |       ||     2
       Bread ration      |       |     1 |       ||     1
Armor: Robe              |    11 |       |       ||    11
       Ring mail         |    56 |    16 |       ||    72
       Plate armour      |       |    31 |    11 ||    42
Dodge: Dodged            |   109 |    23 |     5 ||   137
